 Dungeon Crawl Stone Soup version 0.29.1-2-gbd0b4ee654 (webtiles) character file.

Game seed: 17911439280415643988

43 RascalDebosk the Magician (level 3, -3/27 HPs)
             Began as a Djinni Conjurer on Oct 25, 2022.
             Killed from afar by an orc wizard (4 damage)
             ... with a magic dart
             ... on level 2 of the Dungeon.
             The game lasted 00:05:29 (1512 turns).

RascalDebosk the Magician (Djinni Conjurer)         Turns: 1512, Time: 00:05:29

Health: -3/27      AC:  2    Str:  6    XL:     3   Next: 82%
Gold:   81         EV: 12    Int: 21    God:
                   SH:  0    Dex: 11

rFire   + + .      SeeInvis .   i - +0 long sword
rCold   x . .      Faith    .   (no shield)
rNeg    . . .      Spirit   .   a - +0 robe
rPois   ∞          Reflect  .   (no helmet)
rElec   .          Harm     .   e - scarf {repulsion}
rCorr   .          Rampage  .   (no gloves)
Will    .....                   (boots unavailable)
Stlth   ++........              (no amulet)
HPRegen 0.09/turn               (no ring)
MPRegen 0.00/turn               (no ring)

@: flying, repel missiles
A: sickness immunity, fire resistance 2, cold vulnerability 1, float, innate
caster, HP casting, extra vitality 1
a: no special abilities


You were on level 2 of the Dungeon.
You visited 1 branch of the dungeon, and saw 2 of its levels.

You collected 81 gold pieces.

Inventory:

Hand Weapons
 i - a +0 long sword (weapon)
Armour
 a - a +0 robe (worn)
 e - a scarf of repulsion (worn)
Scrolls
 c - 2 scrolls of fear {unknown}
 d - a scroll of enchant armour {unknown}
 g - 3 scrolls of identify {unknown}
 k - a scroll of enchant weapon {unknown}
Potions
 b - 2 potions of attraction {unknown}
 f - a potion of flight {unknown}
 h - a potion of curing {unknown}
 j - a potion of degeneration {unknown}


   Skills:
 + Level 1.5 Fighting
 - Level 2.1 Dodging
 - Level 1.5 Stealth
 * Level 3.9 Spellcasting


You couldn't memorise any spells.
You knew the following spells:

 Your Spells              Type           Power      Damage    Failure   Level
a - Magic Dart            Conj           80%        1d7       2%          1
b - Searing Ray           Conj           40%        2d5       3%          2
c - Dazzling Flash        Conj/Hex       40%        N/A       8%          3
d - Fulminant Prism       Conj/Hex       10%        3d9       24%         4
e - Iskenderun's Mystic   Conj/Tloc      20%        2d6       24%         4
f - Apportation           Tloc           40%        N/A       2%          1
Your spell library was empty.

Dungeon Overview and Level Annotations

Branches:
Dungeon (2/15)

Altars:
Uskayaw


Innate Abilities, Weirdness & Mutations

You are immune to sickness and miasma.
You are immune to poison.
Your flesh is very heat resistant. (rF++)
You are vulnerable to cold. (rC-)
You float through the air rather than walking.
You learn spells naturally, not from books.
Your magical power is your life essence.
You have superior vitality. (+4 MHP)


Message History

Press: ? - help, Q - select action, (/) - cycle Shift-Dir - straight line, f/p - endoplasm
Aim: an endoplasm (lightly wounded, 100% to hit)
The magic dart hits the endoplasm.
The endoplasm is almost dead.
Aiming: Magic Dart (safe; 2% risk of failure)
Press: ? - help, Q - select action, (/) - cycle Shift-Dir - straight line, f/p - endoplasm
Aim: an endoplasm (almost dead, 100% to hit)
The magic dart hits the endoplasm but does no damage.
The endoplasm is almost dead.
Aiming: Magic Dart (safe; 2% risk of failure)
Press: ? - help, Q - select action, (/) - cycle Shift-Dir - straight line, f/p - endoplasm
Aim: an endoplasm (almost dead, 100% to hit)
The magic dart hits the endoplasm!
You kill the endoplasm!
Casting: Magic Dart (safe; 2% risk of failure)
Confirm with . or Enter, or press ? or * to list all spells.
Aiming: Apportation (safe; 2% risk of failure)
Press: ? - help, Dir - move target Apport: a scroll labelled KIC QANLOHAENOSI Yoink!
You pull the item towards yourself.
k - a scroll labelled KIC QANLOHAENOSI Your magical contamination has completely faded away.
A rat comes into view.
Aiming: Magic Dart (safe; 2% risk of failure)
Press: ? - help, Q - select action, (/) - cycle Shift-Dir - straight line, f - rat
Aim: a rat (asleep, 100% to hit)
The magic dart hits the rat.
You kill the rat!
An orc priest and an orc wizard come into view.
Found 18 gold pieces.
The orc priest shouts!
You hear a shout!
You see here a scroll labelled UWETOD RAFOI.
There are monsters nearby!
g - 3 scrolls labelled UWETOD RAFOI (gained 1)
An orc comes into view.
It is wielding a +0 war axe. 2 orcs come into view.
The orc shouts!
Aiming: Magic Dart (safe; 2% risk of failure)
Press: ? - help, Q - select action, (/) - cycle Shift-Dir - straight line, f - orc
Aim: an orc, wielding a +0 club and wearing a +0 leather armour (100% to hit)
The magic dart hits the orc.
The orc is heavily wounded.
Aiming: Magic Dart (safe; 2% risk of failure)
Press: ? - help, Q - select action, (/) - cycle Shift-Dir - straight line, f/p - orc
Aim: an orc, wielding a +0 club and wearing a +0 leather armour (heavily wounded, 100% to hit)
The magic dart hits the orc.
You kill the orc!
Things that are here:
a +0 club; a +0 leather armour; an orc corpse
Aiming: Magic Dart (safe; 2% risk of failure)
Press: ? - help, Q - select action, (/) - cycle Shift-Dir - straight line, f - orc
Aim: an orc, wielding a +0 war axe and wearing a +0 leather armour (100% to hit)
The magic dart hits the orc!
You kill the orc!
Aiming: Magic Dart (safe; 2% risk of failure)
Press: ? - help, Q - select action, (/) - cycle Shift-Dir - straight line, f - orc priest
Aim: an orc priest, wielding a +0 trident (100% to hit)
The magic dart hits the orc priest.
The orc priest is moderately wounded.
Aiming: Magic Dart (safe; 2% risk of failure)
Press: ? - help, Q - select action, (/) - cycle Shift-Dir - straight line, f/p - orc priest
Aim: an orc priest, wielding a +0 trident (moderately wounded, 100% to hit)
The magic dart hits the orc wizard.
The orc wizard is lightly wounded.
Aiming: Magic Dart (safe; 2% risk of failure)
Press: ? - help, Q - select action, (/) - cycle Shift-Dir - straight line, f/p - orc priest
Aim: an orc priest, wielding a +0 trident (moderately wounded, 100% to hit)
The magic dart hits the orc wizard.
The orc wizard is moderately wounded.
Aiming: Magic Dart (safe; 2% risk of failure)
Press: ? - help, Q - select action, (/) - cycle Shift-Dir - straight line, f/p - orc priest
Aim: an orc priest, wielding a +0 trident (moderately wounded, 100% to hit)
The magic dart hits the orc wizard.
The orc wizard is heavily wounded.
Aiming: Magic Dart (safe; 2% risk of failure)
Press: ? - help, Q - select action, (/) - cycle Shift-Dir - straight line, f/p - orc priest
Aim: an orc priest, wielding a +0 trident (moderately wounded, 100% to hit)
The magic dart hits the orc wizard.
The orc wizard is almost dead.
The orc closely misses you.
Aiming: Magic Dart (safe; 2% risk of failure)
Press: ? - help, Q - select action, (/) - cycle Shift-Dir - straight line, f/p - orc priest
Aim: an orc priest, wielding a +0 trident (moderately wounded, 100% to hit)
The magic dart hits the orc wizard but does no damage.
The orc wizard is almost dead.
The orc hits you from afar with a +0 trident.
The orc priest mumbles some strange prayers to Beogh against you.
Beogh smites you!
* * * LOW HITPOINT WARNING * * *
You closely miss the orc wizard.
The orc wizard is almost dead.
The orc wizard barely misses you.
The orc priest hits you from afar with a +0 trident.
* * * LOW HITPOINT WARNING * * *
The orc barely misses you.
The orc wizard hits you but does no damage.
The orc priest begins to cast a cantrip, but forgets the words!
The orc wizard casts a spell at you. The magic dart hits you.
You die...

. .# #####.#
#......
#####...#####
#..@........#
#.#.......#
#.#.o.....#
#.#..o....#
#)#..o....#
#.#.......#
#.#.......#
#.#..)....#
#.##.....##


You could see an orc priest, an orc wizard and an orc.

Vanquished Creatures
  An adder (D:2)
  2 orcs (D:2)
  2 bats (D:1)
  7 endoplasms
  4 giant cockroaches
  3 goblins (D:2)
  2 jackals (D:1)
  A quokka (D:1)
  A kobold (D:1)
  4 rats
27 creatures vanquished.

Notes
Turn   | Place    | Note
-------+----------+-------------------------------------------
     0 | D:1      | RascalDebosk the Djinni Conjurer began the quest for the
                  | Orb.
     0 | D:1      | RascalDebosk set off with the following spells memorised:
                  | Magic Dart, Searing Ray, Dazzling Flash, Fulminant Prism,
                  | Iskenderun's Mystic Blast.
     0 | D:1      | Reached XP level 1. HP: 15/15 MP: 0/0
    12 | D:1      | Found a faded altar of an unknown god.
    54 | D:1      | Reached XP level 2. HP: 10/22 MP: 0/0
   657 | D:1      | Reached skill level 1 in Fighting
  1008 | D:2      | Reached XP level 3. HP: 21/27 MP: 0/0
  1008 | D:2      | Learned a level 1 spell: Apportation
  1109 | D:2      | Found a hide-covered altar of Uskayaw.
  1510 | D:2      | HP: 1/27 [orc priest/+0 trident (1)]
  1512 | D:2      | Killed from afar by an orc wizard

Illustrated notes

Levels and vault maps discovered:
D:1:      lightli_arrival_boilingwater, layout_rooms,
          ebering_ecumenical_altar_mist
D:2:      cheibrodos_pilgrimage, layout_basic, basic_altar, minivault_5

Skill      XL: |  1  2 |
---------------+-------+-----
Fighting       | 1 |  1.5
Dodging        | |  2.1
Stealth        | |  1.5
Spellcasting   | |  3.9

Action                   || total
-------------------------++-------
Melee: Long sword        ||     1
 Cast: Magic Dart        ||    63
       Apportation       ||     3
Armor: Robe              ||     2
Dodge: Dodged            ||     7
